 Dungeon Crawl Stone Soup version 0.25.0-9-g26727b657a (webtiles) character file.

Game seed: 13582661612398273726

3173 Flugkiller the Cleaver (level 9, -5/82 HPs)
             Began as a Deep Dwarf Fighter on June 20, 2020.
             Was a Follower of Makhleb.
             Slain by a two-headed ogre
             ... wielding a +0 giant club
              (9 damage)
             ... on level 10 of the Dungeon.
             The game lasted 00:03:04 (3889 turns).

Flugkiller the Cleaver (Deep Dwarf Fighter)         Turns: 3889, Time: 00:03:05

Health: -5/82      AC: 18    Str: 24    XL:     9   Next: 63%
Magic:  5/5        EV:  6    Int: 11    God:    Makhleb [*.....]
Gold:   349        SH: 11    Dex: 12    Spells: 8/8 levels left

rFire    . . .     SeeInvis .   a - +0 war axe
rCold    . . .     Gourm    .   c - +0 kite shield
rNeg     . . .     Faith    .   s - +4 chain mail {rPois}
rPois    +         Spirit   .   A - +2 helmet {Int+3}
rElec    .         Reflect  +   o - scarf {+Inv}
rCorr    .         Harm     .   (no gloves)
MR       +....                  (no boots)
Stlth    ..........             f - amulet of reflection
HPRegen  0.00/turn              l - ring of flight
MPRegen  0.09/turn              (no ring)

@: non-regenerating
A: damage resistance, heal wounds, sense surroundings 2, no regeneration
a: Heal Wounds, Renounce Religion, Evoke Invisibility, Evoke Flight


You were on level 10 of the Dungeon.
You worshipped Makhleb.
Makhleb was aware of your devotion.
You were not hungry.

You visited 2 branches of the dungeon, and saw 9 of its levels.

You collected 349 gold pieces.

Inventory:

Hand Weapons
 a - a +0 war axe (weapon)
Armour
 c - a +0 kite shield (worn)
 k - a +0 plate armour
   (You found it on level 2 of the Dungeon)
 o - a scarf of invisibility (worn)
   (You found it on level 6 of the Dungeon)
 s - a +4 chain mail of poison resistance (worn)
   (You took it off Duvessa on level 6 of the Dungeon)
 A - a +2 helmet of intelligence (worn)
   (You found it on level 10 of the Dungeon)
Jewellery
 f - an amulet of reflection (around neck)
   (You found it on level 4 of the Dungeon)
 l - a ring of flight (left hand)
   (You found it on level 2 of the Dungeon)
 u - an uncursed ring of protection from magic {unknown}
   (You found it on level 6 of the Dungeon)
Wands
 b - a wand of paralysis (8)
   (You found it on level 6 of the Dungeon)
Scrolls
 p - a scroll of magic mapping {unknown}
 r - 3 scrolls of identify
 t - 2 scrolls of teleportation
 v - a scroll of amnesia {unknown}
 x - a scroll of remove curse
 y - a scroll of immolation {unknown}
 z - a scroll of enchant armour
Potions
 d - a potion of might
 g - 2 potions of brilliance {unknown}
 h - a potion of mutation {unknown}
 i - a potion of stabbing {unknown}
 j - a potion of magic
 m - a potion of degeneration {unknown}
 n - 2 potions of heal wounds {unknown}
 q - 3 potions of curing
 w - 2 potions of flight {unknown}
Comestibles
 e - 14 rations
 B - 6 chunks of flesh


   Skills:
 + Level 6.0 Fighting
 * Level 9.5 Axes
 + Level 7.3 Armour
 + Level 7.3 Shields
 + Level 3.3 Invocations


You had 8 spell levels left.
You didn't know any spells.
Your spell library was empty.

Dungeon Overview and Level Annotations

Branches:
Dungeon (10/15)            Temple (1/1) D:7
   Lair: D:8-11         Orc: D:9-12

Altars:
Ashenzari
Dithmenos
Elyvilon
Gozag
Hepliaklqana
Kikubaaqudgha
Makhleb
Okawaru
Qazlal
Ru
Trog
Uskayaw
Vehumet
Wu Jian
Xom
The Shining One

Shops:
D:4 *


Innate Abilities, Weirdness & Mutations

You are resistant to damage.
You can heal yourself by infusing magical energy.
You passively map the area around you.
You do not regenerate.


Message History

The two-headed ogre is lightly wounded.
You hit the worker ant zombie.
The two-headed ogre hits you with a +0 giant club!!
* * * LOW HITPOINT WARNING * * *
The two-headed ogre hits you with a +0 giant club!
* * * LOW HITPOINT WARNING * * *
You block the worker ant zombie's attack.
You slash the two-headed ogre!
The two-headed ogre is moderately wounded.
You hit the worker ant zombie.
You destroy the worker ant zombie!
Makhleb accepts your kill. You block the two-headed ogre's attack.
The two-headed ogre hits you but does no damage.
You hit the two-headed ogre.
The two-headed ogre is moderately wounded.
The two-headed ogre hits you with a +0 giant club.
* * * LOW HITPOINT WARNING * * *
The two-headed ogre hits you with a +0 giant club!
You die...

##.......#
* , *
#.......#
*
##.....##
,. * , *
,, ,
##....# .#
, ,, ,
##..## .#
, * ,, ,
,* #..# .#
* , ,
#.##..# ,*
, , ,
#.#..# *,
, ***
#@..# , ,
#O.## * *
,...# *
##..# *,
#... ,
#.#.#* *
#.##. * *
, #.# ..*,
, *


You could see a two-headed ogre.

Vanquished Creatures
  A spriggan (D:7)
  Menkaure (D:4)
  A hungry ghost (D:7)
  Duvessa (D:6)
  2 orc warriors (D:7)
  4 ogres
  A necrophage (D:10)
  4 centaurs
  4 phantoms
  A big kobold (D:10)
  2 bullfrogs
  2 water moccasin zombies
  2 scorpions
  Dowan (D:6)
  2 bullfrog zombies
  A centaur zombie (D:5)
  3 crimson imps
  2 jellies (D:6)
  5 hounds
  3 orc wizards
  A quasit (D:10)
  A bullfrog skeleton (D:6)
  An iguana (D:6)
  Terence (D:2)
  3 worker ants (D:6)
  A hound skeleton (D:5)
  2 worker ant zombies (D:10)
  6 gnolls
  9 adders
  A shadow imp (D:7)
  An adder skeleton (D:5)
  An adder zombie (D:5)
  2 worms
  2 dart slugs (D:1)
  A leopard gecko (D:2)
  9 orcs
  7 giant cockroaches
  5 goblins
  3 hobgoblins (D:1)
  4 jackals
  A quokka (D:6)
  3 bats
  2 frilled lizards
  2 jackal skeletons
  12 kobolds
  4 rats
  A rat zombie (D:4)
129 creatures vanquished.

Notes
Turn   | Place    | Note
-------+----------+-------------------------------------------
     0 | D:1      | Flugkiller the Deep Dwarf Fighter began the quest for the
                  | Orb.
     0 | D:1      | Reached XP level 1. HP: 20/20 MP: 1/1
    41 | D:1      | Reached XP level 2. HP: 25/27 MP: 2/2
   361 | D:2      | Reached skill level 3 in Axes
   361 | D:2      | Reached XP level 3. HP: 33/33 MP: 3/3
   365 | D:2      | Noticed Terence
   394 | D:2      | Killed Terence
   431 | D:2      | Reached XP level 4. HP: 34/42 MP: 3/3
   576 | D:4      | Found Laih's Assorted Antiques.
   635 | D:4      | Noticed Menkaure
   641 | D:4      | Killed Menkaure
   641 | D:4      | Reached skill level 4 in Axes
   641 | D:4      | Reached XP level 5. HP: 21/49 MP: 4/4
   999 | D:4      | Reached XP level 6. HP: 41/56 MP: 5/5
  1059 | D:4      | Found an ancient bone altar of Kikubaaqudgha.
  1160 | D:5      | Entered Level 5 of the Dungeon
  1231 | D:5      | Reached skill level 5 in Axes
  1291 | D:5      | Reached XP level 7. HP: 57/64 MP: 6/6
  1361 | D:5      | Reached skill level 5 in Armour
  1378 | D:5      | Reached skill level 5 in Shields
  1488 | D:5      | Found a radiant altar of Vehumet.
  1497 | D:5      | Reached skill level 6 in Axes
  1605 | D:6      | Noticed Duvessa
  1605 | D:6      | Noticed Dowan
  1620 | D:6      | Killed Dowan
  1646 | D:6      | Killed Duvessa
  1646 | D:6      | Reached XP level 8. HP: 59/73 MP: 4/4
  1811 | D:6      | Reached skill level 7 in Axes
  1972 | D:6      | Reached skill level 5 in Fighting
  2105 | D:6      | Found an iron altar of Okawaru.
  2546 | D:7      | Reached skill level 8 in Axes
  2666 | D:7      | Gained mutation: You passively map the area around you.
                  | [Deep Dwarf growth]
  2666 | D:7      | Reached XP level 9. HP: 59/81 MP: 4/4
  2718 | D:7      | Found a staircase to the Ecumenical Temple.
  2757 | Temple   | Entered the Ecumenical Temple
  2802 | Temple   | Became a worshipper of Makhleb the Destroyer
  2926 | D:7      | Found a shimmering altar of Xom.
  2931 | D:7      | Reached skill level 1 in Invocations
  3053 | D:7      | Found an ornate altar of the Wu Jian Council.
  3242 | D:7      | Found a shadowy altar of Dithmenos.
  3247 | D:7      | Found a hazy altar of Hepliaklqana.
  3634 | D:7      | You fall into a shaft and drop 3 floors!
  3634 | D:10     | Entered Level 10 of the Dungeon
  3641 | D:10     | Reached skill level 9 in Axes
  3702 | D:10     | Reached * piety under Makhleb
  3880 | D:10     | Noticed a two-headed ogre
  3889 | D:10     | HP: 4/82 [two-headed ogre/+0 giant club (5)]
  3889 | D:10     | Slain by a two-headed ogre

Illustrated notes

Levels and vault maps discovered:
D:1:      lemuel_arrival_lava_pool, layout_loops_ring, minmay_splitting_lines,
          minmay_tetromino_s4
D:2:      layout_rooms, lemuel_doored_altar, nicolae_qazlal_eye_of_the_storm,
          uniq_terence
D:3:      layout_rooms, overflow_temple_1_default, ashenzari_altar_1
D:4:      layout_rooms, lemuel_zombie_altar_kikubaaqudgha, first_ration,
          serial_forest, infiniplex_forest_fountain, infiniplex_forest_corner_1,
          infiniplex_forest_corner_1, infiniplex_forest_pool,
          infiniplex_forest_fountain, infiniplex_forest_straight_1,
          infiniplex_forest_clump_large, serial_shops, nicolae_shop_statue_plus,
          hangedman_abyss_or_decor_lesser_grid, uniq_menkaure
D:5:      layout_basic, vehumet_crystals
D:6:      layout_loops_ring, marbit_many_paths, patterned_corridor, uniq_duvessa
D:7:      layout_layer_cave, riverfiend_overflow_shadow_ancestor,
          kennysheep_little_box, minmay_temple_entry_hall, basic_altar,
          the_bakery, lightli_orcish_oven
D:10:     layout_cave_pods, trove_entry_hex_spiral
Temple:   nicolae_temple_hex_pool

Skill      XL: |  1  2  3  4  5  6  7  8  9 |
---------------+----------------------------+-----
Axes           | 3 4 5 6 8 9 |  9.5
Fighting       | 3 4 5 6 |  6.0
Armour         | 4 5 6 7 |  7.3
Shields        | 4 5 6 7 |  7.3
Invocations    | 3 |  3.3

Action                   |  1- 3 |  4- 6 |  7- 9 || total
-------------------------+-------+-------+-------++-------
Melee: War axe           |    88 |   104 |   379 ||   571
 Abil: Heal Wounds       |     2 |     2 |    11 ||    15
  Use: Scroll            |       |       |     5 ||     5
  Eat: Chunk             |       |     2 |     7 ||     9
       Ration            |       |       |     5 ||     5
Armor: Scale mail        |    41 |       |       ||    41
       Plate armour      |       |    31 |       ||    31
       Quicksilver drago |       |    22 |    36 ||    58
       Chain mail        |       |       |   171 ||   171
Dodge: Dodged            |    21 |    22 |    92 ||   135
Block: Kite shield       |    55 |    50 |   230 ||   335
       Reflection        |       |       |     8 ||     8
